 Dungeon Crawl Stone Soup version 0.17-a0-2074-gaf3f87d (webtiles) character file.

6767 Maka the Martial Artist (level 10, -4/73 HPs)
             Began as a Demonspawn Monk on Oct 15, 2015.
             Was a High Priest of Okawaru.
             Slain by an efreet
             ... wielding a +3 scimitar of flaming
              (15 damage)
             ... on level 10 of the Dungeon.
             The game lasted 00:19:20 (8023 turns).

Maka the Martial Artist (Demonspawn Monk)           Turns: 8023, Time: 00:19:20

Health: -4/73      AC: 11    Str: 12    XL:     10   Next: 76%
Magic:  10/10      EV: 16    Int: 11    God:    Okawaru [*****.]
Gold:   638        SH:  0    Dex: 19    Spells: 0 memorised, 9 levels left

rFire  + . .     SeeInvis .       - Unarmed
rCold  . . .     Clarity  .     G - +2 leather armour {rPois}
rNeg   . . .     SustAt   .     (no shield)
rPois  +         Gourm    .     (helmet restricted)
rElec  .         Spirit   .     z - +0 cloak
rCorr  .         Warding  .     q - +1 pair of gloves
rMut   +         Stasis   .     w - +0 pair of boots
MR     +....                    t - amulet of resist mutation
Stlth  ++........               (no ring)
                                i - ring of protection from magic

@: somewhat resistant to hostile enchantments, unstealthy
A: antennae 1, rugged brown scales 2, fire resistance 1, spiny 1
a: Heroism, Finesse, Renounce Religion


You were on level 10 of the Dungeon.
You worshipped Okawaru.
Okawaru was extremely pleased with you.
You were hungry.

You visited 2 branches of the dungeon, and saw 11 of its levels.

You collected 638 gold pieces.

Inventory:

Missiles
 u - 7 poisoned javelins (quivered)
Armour
 q - a +1 pair of gloves (worn)
 w - a +0 pair of boots (worn)
 z - a +0 cloak (worn)
 G - a +2 leather armour of poison resistance (worn)
Jewellery
 a - an uncursed ring of sustain attributes
 i - a ring of protection from magic (left hand)
 t - an amulet of resist mutation (around neck)
Wands
 d - a wand of draining (8)
 e - a wand of cold (6)
 r - a wand of flame (36)
 D - a wand of digging (13)
 K - a wand of draining (6)
 L - a wand of enslavement (12)
Scrolls
 h - 2 scrolls of amnesia
 l - 3 scrolls of fear
 m - 3 scrolls of enchant armour
 x - 2 scrolls of enchant weapon
 y - 6 scrolls of remove curse
 B - 2 scrolls of magic mapping
 E - 4 scrolls of teleportation
Potions
 c - a potion of resistance
 g - a potion of flight
 j - a potion of might {unknown}
 k - 2 potions of lignification
 n - a potion of agility
 o - a potion of cure mutation
 p - a potion of magic
 I - a potion of invisibility {unknown}
 J - a potion of berserk rage {unknown}
Books
 C - a book of Conjurations

   Spells                             Type                      Level
   a - Magic Dart                     Conjuration                  1
   b - Searing Ray                    Conjuration                  2
   c - Dazzling Spray                 Conjuration/Hexes            3
   d - Fulminant Prism                Conjuration/Hexes            4
   e - Iskenderun's Mystic Blast      Conjuration                  4
   f - Iskenderun's Battlesphere      Conjuration/Charms           5
Comestibles
 b - 9 bread rations
 f - 2 slices of pizza
 s - 7 beef jerkies
 v - 5 meat rations
 A - a fruit


   Skills:
 - Level 3.0 Fighting
 - Level 3.0 Armour
 - Level 6.0 Dodging
 - Level 1.7 Stealth
 + Level 13.7 Unarmed Combat


You had 9 spell levels left.
You didn't know any spells.

Dungeon Overview and Level Annotations

Branches:
Dungeon (10/15)            Temple (1/1) D:5            Lair (0/8) D:8
    Orc: D:9-12

Altars:
Ashenzari
Elyvilon
Fedhas
Kikubaaqudgha
Makhleb
Nemelex Xobeh
Okawaru
Qazlal
Ru
Sif Muna
Trog
Vehumet
The Shining One

Annotations:
D:6 1 runed door


Innate Abilities, Weirdness & Mutations

You have a pair of small antennae on your head.
You are mostly covered in rugged brown scales (AC +2, +5% HP).
Your flesh is heat resistant.
You are partially covered in sharp spines.


Message History

You punch the efreet! You punch the efreet, but do no damage.
The efreet is heavily wounded.
The efreet is struck by your spines. The efreet closely misses you.
The orc warrior hits you with a short sword.
* * * LOW HITPOINT WARNING * * *
You hit the efreet but do no damage. You punch the efreet.
The efreet is severely wounded.
You punch the efreet!
The efreet is almost dead.
The orc warrior hits you but does no damage.
The efreet hits you with a scimitar of flaming.
* * * LOW HITPOINT WARNING * * *
The efreet burns you.
* * * LOW HITPOINT WARNING * * *
Drink which item? (? for menu, Esc to quit)
You feel better.
The orc warrior hits you with a short sword.
* * * LOW HITPOINT WARNING * * *
The efreet hits you with a scimitar of flaming!
You die...

## #.# #.# #.#
#.# #.# #.# #.#
#.# #.# #R# #.#
## #.#§# #.#
#[###.###.# #.
#.#.#.#{# #.#.#.
{
##.###R###.#.#.#
##.#.#.#@#.#.#.#
{#.###.###o#.#.#
{##.#(#.#.#.#.#
#. ##.###.#.#(#
#.#
##.#.#.#.#.#.#.#
#.###.#.#.# #.#
##.#.#)#.#.#.#.#
##)#÷#.###.# #.
##.#.#)#.#.#.#


You could see an efreet and an orc warrior.

Vanquished Creatures
  An ugly thing (D:10)
  Joseph (D:8)
  A troll (D:9)
  A two-headed ogre (D:8)
  Prince Ribbit (D:7)
  5 yaks
  A hungry ghost (D:7)
  Eustachio (D:4)
  A deep elf mage (D:9)
  A hippogriff (D:8)
  Edmund (D:5)
  4 ice beasts
  Duvessa (D:7)
  A phantom (D:7)
  3 ogres
  A wasp (D:7)
  4 centaurs
  A sky beast (D:10)
  6 giant frogs
  3 big kobolds
  Dowan (D:7)
  2 killer bees
  A scorpion (D:9)
  6 wights
  4 giant frog zombies
  3 jellies
  A centaur zombie (D:7)
  5 orc priests
  A centaur skeleton (D:9)
  2 crimson imps
  12 orc wizards
  5 hounds
  2 giant frog skeletons
  Terence (D:3)
  Natasha (twice) (D:4 D:3)
  2 iguanas
  11 worker ants
  A killer bee zombie (D:8)
  2 hound zombies
  3 hound skeletons
  7 adders
  4 gnolls (D:7)
  A shadow imp (D:9)
  An ooze (D:1)
  3 adder zombies
  An adder skeleton (D:4)
  2 worms
  5 giant geckos
  35 orcs
  3 ball pythons
  10 giant cockroaches
  12 goblins
  9 hobgoblins
  16 jackals
  11 kobolds
  2 quokkas
  7 bats
  A giant gecko skeleton (D:4)
  A giant gecko zombie (D:5)
  3 giant newts
  A quokka zombie (D:6)
  9 rats
250 creatures vanquished.

Vanquished Creatures (others)
  A crimson imp (D:10)
  An orc wizard (D:10)
  A kobold (D:10)
3 creatures vanquished.

Grand Total: 253 creatures vanquished

Notes
Turn   | Place    | Note
--------------------------------------------------------------
     0 | D:1      | Maka the Demonspawn Monk began the quest for the Orb.
     0 | D:1      | Reached XP level 1. HP: 18/18 MP: 1/1
   512 | D:1      | Reached skill level 4 in Unarmed Combat
   535 | D:1      | Gained mutation: You are partially covered in sharp spines. [demonic ancestry]
   535 | D:1      | Reached XP level 2. HP: 20/24 MP: 2/2
   783 | D:1      | Found a glowing golden altar of the Shining One.
   933 | D:1      | Reached skill level 1 in Armour
  1099 | D:1      | Reached XP level 3. HP: 29/29 MP: 3/3
  1163 | D:2      | Found a faded altar to an unknown god.
  1790 | D:3      | Gained mutation: You are partially covered in rugged brown scales (AC +1, +3% HP). [demonic ancestry]
  1790 | D:3      | Reached XP level 4. HP: 19/36 MP: 4/4
  1806 | D:3      | Reached skill level 5 in Unarmed Combat
  2153 | D:3      | Reached XP level 5. HP: 29/42 MP: 5/5
  2282 | D:3      | Reached skill level 6 in Unarmed Combat
  2471 | D:3      | Noticed Terence
  2485 | D:3      | Killed Terence
  2543 | D:4      | Noticed Natasha
  2557 | D:4      | Killed Natasha
  2568 | D:4      | Noticed Natasha
  2835 | D:3      | Killed Natasha
  2835 | D:3      | Gained mutation: You are mostly covered in rugged brown scales (AC +2, +5% HP). [demonic ancestry]
  2835 | D:3      | Reached XP level 6. HP: 35/49 MP: 6/6
  2965 | D:4      | Found a bloodstained altar of Trog.
  3026 | D:4      | Found a burning altar of Makhleb.
  3028 | D:4      | Found a glowing golden altar of the Shining One.
  3028 | D:4      | Found an ancient bone altar of Kikubaaqudgha.
  3062 | D:4      | Found a blossoming altar of Fedhas.
  3143 | D:4      | Reached skill level 7 in Unarmed Combat
  3188 | D:4      | Found a shattered altar of Ashenzari.
  3333 | D:4      | Found a sparkling altar of Nemelex Xobeh.
  3372 | D:4      | Noticed Eustachio
  3393 | D:4      | Killed Eustachio
  3393 | D:4      | Reached XP level 7. HP: 35/54 MP: 7/7
  3470 | D:4      | Found an iron altar of Okawaru.
  3473 | D:4      | Became a worshipper of Warmaster Okawaru
  3473 | D:4      | Reached * piety under Okawaru
  3473 | D:4      | Reached ** piety under Okawaru
  3486 | D:5      | Entered Level 5 of the Dungeon
  3527 | D:5      | Reached skill level 8 in Unarmed Combat
  3605 | D:5      | Found a staircase to the Ecumenical Temple.
  3612 | Temple   | Entered the Ecumenical Temple
  3859 | D:5      | Noticed Edmund
  3882 | D:5      | Killed Edmund
  4025 | D:5      | Reached XP level 8. HP: 38/60 MP: 8/8
  4309 | D:6      | Reached skill level 5 in Dodging
  5066 | D:6      | Reached *** piety under Okawaru
  5259 | D:6      | Found a sacrificial altar of Ru.
  5317 | D:6      | Found a runed door.
  5331 | D:6      | Found a runed door.
  5358 | D:6      | Reached skill level 9 in Unarmed Combat
  5493 | D:7      | Gained mutation: Your flesh is heat resistant. [demonic ancestry]
  5493 | D:7      | Reached XP level 9. HP: 35/66 MP: 9/9
  5756 | D:7      | Noticed Prince Ribbit
  5770 | D:7      | Killed Prince Ribbit
  5770 | D:7      | Reached skill level 10 in Unarmed Combat
  5902 | D:7      | Reached **** piety under Okawaru
  5980 | D:7      | Noticed Duvessa
  5983 | D:7      | Noticed Dowan
  5989 | D:7      | Killed Duvessa
  5991 | D:7      | Killed Dowan
  5991 | D:7      | Reached skill level 11 in Unarmed Combat
  6255 | D:8      | Found a staircase to the Lair.
  6334 | D:8      | Found a stormy altar of Qazlal.
  6708 | D:8      | Noticed Joseph
  6730 | D:8      | Killed Joseph
  6730 | D:8      | Reached skill level 12 in Unarmed Combat
  6730 | D:8      | Gained mutation: You have a pair of small antennae on your head. [demonic ancestry]
  6730 | D:8      | Reached XP level 10. HP: 38/73 MP: 10/10
  6908 | D:9      | Reached ***** piety under Okawaru
  7253 | D:9      | Found a radiant altar of Vehumet.
  7258 | D:9      | Found a white marble altar of Elyvilon.
  7261 | D:9      | Found a deep blue altar of Sif Muna.
  7595 | D:9      | Reached skill level 13 in Unarmed Combat
  7657 | D:10     | Entered Level 10 of the Dungeon
  7689 | D:10     | Noticed a white ugly thing
  7699 | D:10     | Killed a white ugly thing
  8023 | D:10     | Slain by an efreet

Vault maps used:
D:1:      tarquinn_simple_flora_water_e, serial_forest,
          infiniplex_forest_clump_C, infiniplex_forest_clump_long,
          infiniplex_forest_3_way, infiniplex_forest_zigzag_2,
          infiniplex_forest_clump_double, tso_metal_star
D:2:      ecumenical_altar_2
D:3:      first_bread, kennysheep_generic_room_9, uniq_terence
D:4:      gammafunk_temple_overflow_forgotten, nicolae_overflow_hidden_temple,
          lemuel_round_altar, kennysheep_mini_moat, kennysheep_mini,
          lemuel_round_altar, wad_floor_pattern_untrapped, uniq_eustachio,
          uniq_natasha
D:5:      minmay_temple_entry_purple_smoke, kennysheep_generic_room_8,
          uniq_edmund
D:6:      lemuel_insect_pit, nicolae_ru_path_of_blood
D:7:      uniq_duvessa, uniq_prince_ribbit1
D:8:      nicolae_qazlal_eye_of_the_storm, lair_0_dummy, grunt_ogre_cave,
          uniq_joseph
D:9:      grunt_temple_overflow_diamond, abandoned_shop
D:10:     minmay_imperfect_grid, orc_0_dummy, uniq_nergalle
Temple:   corrupted_temple

Action                   |  1- 3 |  4- 6 |  7- 9 | 10-12 || total
-------------------------+-------+-------+-------+-------++-------
Melee: Unarmed           |    94 |   153 |   340 |   140 ||   727
Invok: Heroism           |       |       |       |     1 ||     1
  Use: Scroll            |     8 |       |    14 |       ||    22
       Potion            |       |       |       |     1 ||     1
 Stab: Sleeping          |     4 |     3 |     4 |     3 ||    14
  Eat: Chunk             |     3 |     4 |     9 |     4 ||    20
       Fruit             |       |       |     3 |       ||     3
       Bread ration      |       |       |     1 |       ||     1
       Beef jerky        |       |       |     1 |       ||     1
